 Dungeon Crawl Stone Soup version 0.22.1-1-ga44c0e5 (webtiles) character file.

522 Irenicus the Sneak (level 7, -1/55 HPs)
             Began as a Deep Dwarf Wizard on Oct 1, 2018.
             Was an Initiate of Makhleb.
             Shot with an arrow by a centaur (4 damage)
             ... on level 5 of the Dungeon.
             The game lasted 00:21:41 (2385 turns).

Irenicus the Sneak (Deep Dwarf Wizard)              Turns: 2385, Time: 00:21:41

Health: -1/55      AC:  4    Str: 10    XL:     7   Next: 2%
Magic:  3/18       EV: 12    Int: 21    God:    Makhleb [......]
Gold:   99         SH:  0    Dex: 11    Spells: 4/12 levels left

rFire    . . .     SeeInvis .   i - +1 dagger (venom)
rCold    . . .     Gourm    .   (no shield)
rNeg     . . .     Faith    .   m - +0 leather armour
rPois    +         Spirit   .   p - +0 helmet
rElec    .         Reflect  .   (no cloak)
rCorr    .         Harm     .   (no gloves)
MR       +....                  (no boots)
Stlth    ++........             (no amulet)
HPRegen  0.00/turn              k - ring of poison resistance {rPois, !d}
MPRegen  0.16/turn              l - ring of magical power {MP+9}

@: non-regenerating
A: damage resistance, heal wounds, sense surroundings 1, no regeneration
a: Heal Wounds, Renounce Religion


You were on level 5 of the Dungeon.
You worshipped Makhleb.
Makhleb was noncommittal.
You were not hungry.

You visited 1 branch of the dungeon, and saw 5 of its levels.

You collected 99 gold pieces.

Inventory:

Hand Weapons
 b - a +0 dagger of chaos
   (You took it off a crimson imp on level 3 of the Dungeon)
 c - a +0 dagger
   (You found it on level 1 of the Dungeon)
 i - a +1 dagger of venom (weapon)
   (You found it on level 1 of the Dungeon)
Armour
 m - a +0 leather armour (worn)
   (You took it off an orc on level 3 of the Dungeon)
 p - a +0 helmet (worn)
   (You found it on level 3 of the Dungeon)
 q - a +0 pair of gloves
   (You found it on level 5 of the Dungeon)
Jewellery
 k - a ring of poison resistance (left hand) {rPois, !d}
   (You found it on level 2 of the Dungeon)
 l - a ring of magical power (right hand) {MP+9}
   (You found it on level 2 of the Dungeon)
Wands
 n - a wand of paralysis (16)
   (You found it on level 3 of the Dungeon)
Scrolls
 e - a scroll of amnesia {unknown}
 f - a scroll of enchant armour {unknown}
 g - a scroll of remove curse
 o - a scroll of identify
Potions
 a - a potion of flight {unknown}
 h - 4 potions of curing
 j - a potion of brilliance
Comestibles
 d - 8 rations


   Skills:
 - Level 2.2 Dodging
 + Level 4.9 Stealth
 - Level 3.0 Spellcasting
 - Level 2.3 Conjurations
 - Level 3.1 Summonings
 - Level 4.3 Translocations
 - Level 2.8 Evocations


You had 4 spell levels left.
You knew the following spells:

 Your Spells              Type           Power        Failure   Level  Hunger
a - Magic Dart            Conj           ##..         7%          1    None
b - Blink                 Tloc           N/A          4%          2    ##.....
c - Call Imp              Summ           ###.....     8%          2    ##.....
d - Conjure Flame         Conj/Fire      #.......     32%         3    ###....

Your spell library contained the following spells:

 Spells                   Type           Power        Failure   Level  Hunger
 Slow                     Hex            #.......     26%         2    ##.....
 Mephitic Cloud           Conj/Pois/Air  #.......     36%         3    ###....


Dungeon Overview and Level Annotations

Branches:
Dungeon (5/15)
 Temple: D:4-7

Altars:
Elyvilon
Fedhas
Makhleb
Ru
Wu Jian
Xom

Annotations:
D:4 2 transporters, Ghost6211's ghost, amateur OpFi


Innate Abilities, Weirdness & Mutations

You are resistant to damage.
You can heal yourself by infusing magical energy.
You passively map a small area around you.
You do not regenerate.


Message History

Health restored: 49 You climb downwards.
Your summoned ally is left behind.
A centaur comes into view.
The centaur shouts!
Found a pair of gloves and 23 stones.
Found a stone staircase leading up.
There is a stone staircase leading up here.
The centaur wields a runed shortbow.
The centaur shoots an arrow.
The arrow hits you!!
You see here an arrow.
You take 17 damage, and have 32/49 hp.
MASSIVE DAMAGE!!
The centaur unwields an uncursed enchanted shortbow.
The centaur hits you.
A beastly little devil appears in a puff of frigid air.
The centaur hits you. x2
You take 8 damage, and have 24/49 hp.
You now have 4/17 mp.
A beastly little devil appears in a puff of frigid air.
The centaur barely misses you.
You now have 2/17 mp.
Aim: a centaur The magic dart hits the centaur.
The centaur barely misses you.
Your white imp barely misses the centaur.
Your white imp gestures at the centaur.
The puff of frost hits the centaur.
The centaur barely misses you.
You now have 1/17 mp.
Aim: a centaur (moderately wounded)
The magic dart hits the centaur.
The centaur hits you.
Your white imp hits the centaur.
Your white imp freezes the centaur.
You take 2 damage, and have 22/49 hp.
You now have 0/17 mp.
You don't have enough magic to cast that spell.
Unknown command.
You hit the centaur. The centaur hits you!
Your white imp hits the centaur.
Your white imp freezes the centaur.
The centaur hits your white imp.
Your white imp gestures at the centaur.
The puff of frost hits the centaur.
The centaur dies!
Makhleb accepts your kill.
You have reached level 7!
You take 5 damage, and have 17/55 hp.
Things that are here:
an uncursed enchanted shortbow; 14 arrows; a centaur corpse You swap places.
A shadow imp comes into view.
The shadow imp shouts, "Away with thee, thou cockered two-tin-hat baggage!"
You hear a shout! x2
You see here a pair of gloves.
q - a pair of gloves What are your orders? t - Shout!
Orders for allies: a - Attack new target. r - Retreat! s - Stop attacking. g - Guard the area. f - Follow me.
Anything else - Cancel.
Gang up on whom?
Aim: a shadow imp Attack!
Your white imp hits the shadow imp.
Your white imp freezes the shadow imp.
The shadow imp resists.
Your white imp barely misses the shadow imp.
Your white imp closely misses the shadow imp.
The shadow imp hits your white imp.
Your white imp closely misses the shadow imp.
Your white imp gestures at the shadow imp.
The puff of frost misses the shadow imp.
The shadow imp closely misses your white imp.
Your white imp closely misses the shadow imp.
Your white imp barely misses the shadow imp.
The shadow imp hits your white imp but does no damage.
Your white imp gestures at the shadow imp.
The puff of frost hits the shadow imp.
The shadow imp resists.
Your white imp completely misses the shadow imp.
The shadow imp hits your white imp but does no damage.
A centaur comes into view.
The centaur shouts!
The centaur wields a shortbow.
The centaur shoots an arrow.
The arrow barely misses you.
Your white imp barely misses the shadow imp.
Your white imp hits the shadow imp but does no damage.
The shadow imp barely misses you.
You see here an arrow.
You hit the shadow imp.
An orc comes into view.
The centaur shoots an arrow.
The arrow hits you!
* * * LOW HITPOINT WARNING * * *
Your white imp gestures at the shadow imp.
The puff of frost hits the shadow imp.
The shadow imp resists.
Your white imp hits the shadow imp.
Your white imp freezes the shadow imp.
The shadow imp completely resists.
The shadow imp hits your white imp but does no damage.
You take 12 damage, and have 5/55 hp.
MASSIVE DAMAGE!!
You barely miss the shadow imp.
An orc priest comes into view. It is wielding a dagger.
The centaur shoots an arrow.
The arrow closely misses you. The arrow hits your white imp.
Your white imp closely misses the shadow imp. x2
The shadow imp gestures at you. Pain shoots through your body!
* * * LOW HITPOINT WARNING * * *
You take 2 damage, and have 3/55 hp.
You fail to use your ability.
The centaur shoots an arrow.
The arrow hits you.
You die...

, ... ,, , ,
#.######
,**#......# ,,
, , * #(.....#
, , , #......#
o * #.<(.).#
...###.5..<.#
.o....55....###
,
.####.@........
** #......###.)
, #......# *,
#......#
#.###### , #)*
* , #c * *#. ,
* *


You could see a centaur, an orc priest, a shadow imp, an orc and 2 friendly
white imps.

Vanquished Creatures
  A howler monkey (D:4)
  3 crimson imps (D:3)
  A hound (D:3)
  Natasha (D:4)
  2 worker ants (D:4)
  3 adders (D:2)
  An ooze (D:3)
  3 leopard geckos
  2 orcs
  4 ball pythons
  2 giant cockroaches
  8 hobgoblins
  5 jackals (D:2)
  3 quokkas
  9 bats
  3 frilled lizards
  9 goblins
  11 kobolds
  8 rats
79 creatures vanquished.

Vanquished Creatures (collateral kills)
  Duvessa (D:4)
  A centaur (D:5)
  Dowan (D:4)
  An orc wizard (D:4)
  An iguana (D:4)
  Natasha (twice) (D:4)
  4 orcs (D:4)
  A jackal skeleton (D:4)
12 creatures vanquished.

Vanquished Creatures (others)
  A goblin (D:2)
1 creature vanquished.

Grand Total: 92 creatures vanquished

Notes
Turn   | Place    | Note
-------+----------+-------------------------------------------
     0 | D:1      | Irenicus the Deep Dwarf Wizard began the quest for the Orb.
     0 | D:1      | Reached XP level 1. HP: 15/15 MP: 4/4
    42 | D:1      | Reached skill level 1 in Conjurations
   185 | D:1      | Reached XP level 2. HP: 19/22 MP: 0/5
   271 | D:1      | Reached skill level 3 in Spellcasting
   429 | D:2      | Reached skill level 2 in Conjurations
   460 | D:2      | Reached XP level 3. HP: 10/28 MP: 2/7
   636 | D:2      | HP: 6/28 [adder (3)]
   639 | D:2      | Reached skill level 3 in Stealth
   675 | D:2      | Learned a level 2 spell: Blink
   797 | D:2      | Found a white marble altar of Elyvilon.
   798 | D:2      | Reached skill level 2 in Translocations
   875 | D:2      | Reached XP level 4. HP: 27/36 MP: 1/8
   984 | D:3      | Reached skill level 3 in Translocations
  1019 | D:3      | Found a shimmering altar of Xom.
  1047 | D:3      | Reached XP level 5. HP: 27/42 MP: 1/9
  1064 | D:3      | Reached skill level 4 in Translocations
  1201 | D:3      | Found a blossoming altar of Fedhas.
  1299 | D:3      | Reached skill level 1 in Evocations
  1358 | D:3      | HP: 9/42 [crimson imp/dagger of chaos (2)]
  1363 | D:3      | HP: 8/42 [crimson imp/dagger of chaos (1)]
  1374 | D:3      | Reached skill level 2 in Evocations
  1563 | D:3      | Found a burning altar of Makhleb.
  1568 | D:3      | Became a worshipper of Makhleb the Destroyer
  1591 | D:3      | Learned a level 2 spell: Call Imp
  1739 | D:4      | Reached skill level 1 in Summonings
  1741 | D:4      | Reached XP level 6. HP: 37/49 MP: 1/9
  1836 | D:4      | Reached skill level 2 in Summonings
  1881 | D:4      | Noticed Natasha
  1892 | D:4      | Killed Natasha
  1902 | D:4      | Found a transporter.
  1914 | D:4      | Found a sacrificial altar of Ru.
  1917 | D:4      | Noticed Duvessa
  1940 | D:4      | Noticed Dowan
  1959 | D:4      | Killed Dowan
  2006 | D:4      | Found an ornate altar of the Wu Jian Council.
  2052 | D:4      | Noticed Natasha
  2062 | D:4      | HP: 12/49 [Natasha (1)]
  2064 | D:4      | Killed Natasha
  2064 | D:4      | Reached skill level 3 in Summonings
  2072 | D:4      | Learned a level 3 spell: Conjure Flame
  2127 | D:4      | Found a transporter.
  2132 | D:4      | Noticed Ghost6211's ghost (amateur OpFi)
  2301 | D:4      | Killed Duvessa
  2301 | D:4      | Reached skill level 4 in Stealth
  2315 | D:4      | Noticed Natasha
  2316 | D:4      | HP: 8/49 [Natasha/magic dart (4)]
  2343 | D:4      | Killed Natasha
  2364 | D:5      | Entered Level 5 of the Dungeon
  2371 | D:5      | Reached XP level 7. HP: 17/55 MP: 1/9
  2383 | D:5      | HP: 5/55 [centaur/arrow (12)]
  2385 | D:5      | Shot with an arrow by a centaur

Skill      XL: |  1  2  3  4  5  6 |
---------------+-------------------+-----
Conjurations   | 1 2 |  2.3
Spellcasting   | 3 |  3.0
Stealth        | 3 4 |  4.9
Translocations | 2 3 4 |  4.3
Evocations     | 2 |  2.8
Summonings     | 1 3 |  3.1
Dodging        | |  2.2

Action                   |  1- 3 |  4- 6 |  7- 9 || total
-------------------------+-------+-------+-------++-------
Melee: Dagger            |    62 |   119 |     2 ||   183
 Cast: Magic Dart        |    65 |    91 |       ||   156
       Blink             |     1 |    16 |       ||    17
       Call Imp          |       |    25 |       ||    25
       Conjure Flame     |       |     1 |       ||     1
 Abil: Heal Wounds       |     1 |     3 |       ||     4
Evoke: Wand              |       |     2 |       ||     2
  Use: Scroll            |     2 |     3 |       ||     5
       Potion            |       |     3 |       ||     3
 Stab: Sleeping          |     1 |     3 |       ||     4
       Paralysed         |       |     3 |       ||     3
  Eat: Chunk             |       |     3 |       ||     3
       Ration            |       |     1 |       ||     1
Armor: Robe              |    13 |    15 |       ||    28
       Leather armour    |       |    15 |       ||    15
Dodge: Dodged            |    51 |    71 |     3 ||   125

Vault maps used:
D:1:      dpeg_arrival_round_b, serial_bayou_pond_c
D:2:      first_ration, elyvilon_altar_4
D:3:      marbit_many_paths, led_xom_imps, minivault_25, fedhas_altar_3
D:4:      kennysheep_little_box, nicolae_ru_great_annihilating_truth,
          gammafunk_ghost_stat_death, uniq_duvessa, uniq_natasha
D:5:      lemuel_temple_firewalk_a, minmay_misc_feat_x, trog_wizard

Table legend:
 A = Turns spent in this place as a percentage of turns spent in the entire game.
 B = Non-inter-level travel turns spent in this place as a percentage of non-inter-level travel turns spent in the entire game.
 C = Inter-level travel turns spent in this place as a percentage of turns spent in this place.
 D = Turns resting spent in this place as a percentage of non-inter-level travel turns spent in this place.
 E = Turns spent auto-exploring this place as a percentage of non-inter-level travel turns spent in this place.
 F = Non-inter-level travel turns spent in this place divided by the number of levels of this place that you've seen.
                   A       B       C       D       E      F
               +-------+-------+-------+-------+-------+----------------------
         Total | 100.0 | 100.0 |   0.0 |   0.0 |   0.0 | 477.0
       Dungeon | 100.0 | 100.0 |   0.0 |   0.0 |   0.0 | 477.0
               +-------+-------+-------+-------+-------+----------------------

Table legend:
 A = Kills in this place as a percentage of kills in entire the game.
 B = Kills by you in this place as a percentage of kills by you in the entire game.
 C = Kills by friends in this place as a percentage of kills by friends in the entire game.
 D = Other kills in this place as a percentage of other kills in the entire game.
 E = Experience gained in this place as a percentage of experience gained in the entire game.
 F = Experience gained in this place divided by the number of levels of this place that you have seen.
                   A       B       C       D       E      F
               +-------+-------+-------+-------+-------+----------------------
         Total | 100.0 | 100.0 | 100.0 |   N/A | 100.0 | 149.4
       Dungeon | 100.0 | 100.0 | 100.0 |   N/A | 100.0 | 149.4
               +-------+-------+-------+-------+-------+----------------------
